Unix NetHack Version 5.0.0-0 post-release - last build Jun 10 2026 00:39:30 (3ee93aec679c4c4259841fe613dc97188e26a321,branch:main).

Game began 2026-07-08 19:00:08, ended 2026-07-08 19:44:01.

Anarchos, lawful female dwarven Valkyrie

                                      ---
                                    ---.--
                                ..---....|
                                s@..>....|
                                ..---..|.|
                                       |.-

Anarchos the Stripling      St:16 Dx:13 Co:16 In:10 Wi:11 Ch:9  Lawful
Dlvl:8  $:69 HP:0(28) Pw:2(3) AC:-1 Xp:2 T:1241 

Latest messages:
 You stop.  The gnome is in the way!
 H - 2 violet gems.
 You swap places with your kitten.
 You hear some noises in the distance.
 The kitten bites the orc zombie.
 The orc zombie hits the kitten.
 You miss the orc zombie.
 The kitten bites the orc zombie.
 The orc zombie hits the kitten.
 The kitten misses the orc zombie.
 You hit the orc zombie!
 The orc zombie hits!
 The kitten bites the orc zombie.
 The orc zombie is destroyed!
 The orc zombie misses!
 The kitten misses the orc zombie.
 The orc zombie misses!
 The kitten misses the orc zombie.
 The kitten misses the orc zombie.
 You miss the orc zombie.
 The orc zombie misses!
 The kitten misses the orc zombie.
 You miss the orc zombie.
 The kitten misses the orc zombie.
 The kitten misses the orc zombie.
 You miss the orc zombie.
 The orc zombie misses!
 The kitten misses the orc zombie.
 The kitten misses the orc zombie.
 You hit the orc zombie!
 The orc zombie hits!
 The kitten misses the orc zombie.
 The kitten misses the orc zombie.
 You destroy the orc zombie!
 You have trouble lifting an orc corpse.  Continue? [ynq] (q) q
 You see here an orc corpse.
 You hear some noises.
 You swap places with your kitten.
 You feel your magical energy drain away.
 I - a swirly potion.
 A trap door opens up under you!
 You fall down a deep shaft!
 The giant spider bites!
 You miss the giant spider.
 The giant spider bites!
 You hit the giant spider.
 The giant spider bites!
 The giant spider bites!
 You die...
 Do you want your possessions identified? [ynq] (y) q

Inventory:
 Coins    ('$')
  $ - 69 gold pieces
 Weapons  (')')
  b - a +0 dagger (alternate weapon; not wielded)
  a - a +1 dwarvish spear (weapon in right hand)
  s - a +0 orcish dagger
 Armor    ('[')
  v - an uncursed +4 orcish helm
  q - an uncursed +0 orcish helm (being worn)
  w - a cursed -2 pair of gauntlets of fumbling
  c - an uncursed +3 small shield (being worn)
  f - an uncursed rusty +0 plate mail (being worn)
 Comestibles  ('%')
  r - an uncursed slime mold
  t - an uncursed carrot
  d - 3 uncursed food rations
  C - an uncursed pancake
  E - an uncursed tin of pureed hobbit meat
 Scrolls  ('?')
  p - an uncursed scroll of amnesia
  z - an uncursed scroll of enchant weapon
 Potions  ('!')
  I - an uncursed potion of invisibility
  B - an uncursed potion of water
 Rings    ('=')
  k - a cursed -3 ring of increase accuracy
  h - an uncursed ring of shock resistance (on left hand)
 Wands    ('/')
  i - a wand of create monster (0:15)
 Tools    ('(')
  j - a cursed lock pick
  G - an uncursed tin whistle
 Gems/Stones  ('*')
  D - an uncursed garnet stone
  l - an uncursed jade stone
  u - an uncursed worthless piece of green glass
  H - 2 uncursed worthless pieces of violet glass
  F - an uncursed worthless piece of white glass

Anarchos the Valkyrie's attributes:

Background:
 You were a Stripling, a level 2 dwarven Valkyrie.
 You were lawful, nominally on a mission for Tyr
 who was opposed by Odin (neutral) and Loki (chaotic).
 You were right-handed.
 You were in the Gnomish Mines, on level 8.
 You entered the dungeon 1241 turns ago.
 You had 34 experience points, 6 more were needed to attain level 3.

Basics:
 You had 0 out of 28 hit points.
 You had 2 out of 3 energy points (spell power).
 Your armor class was -1.
 Your wallet contained 69 zorkmids.
 Autopickup was on for all types.

Final Characteristics:
 Your strength was 16 (limit:18/100).
 Your dexterity was 13 (limit:20).
 Your constitution was 16 (limit:20).
 Your intelligence was 10 (limit:16).
 Your wisdom was 11 (limit:16).
 Your charisma was 9 (limit:16).

Final Status:
 You weren't hungry.
 You were unencumbered.
 You were wielding a spear.
 You had basic skill with spear.

Final Attributes:
 You were devoutly aligned.
 You were cold resistant.
 You were shock resistant.
 Your items were protected from electric shocks.
 You had infravision.
 You were guarded.
 You are dead.

Miscellaneous:
 You didn't encounter any bones levels.
 Total elapsed playing time was 43 minutes and 52 seconds.

Major events:
 Turn
    1: Anarchos the lawful dwarven Valkyrie entered the dungeon
 1029: entered the Gnomish Mines
 1241: killed by a giant spider

You didn't know any spells.

Skills:
 Fighting Skills
   bare handed combat [Unskilled]
   two weapon combat  [Unskilled]
   riding             [Unskilled]
 Weapon Skills
   dagger             [Basic]
   axe                [Unskilled]
   pick-axe           [Unskilled]
   short sword        [Unskilled]
   broadsword         [Unskilled]
   long sword         [Unskilled]
   two-handed sword   [Unskilled]
   saber              [Unskilled]
   hammer             [Unskilled]
   quarterstaff       [Unskilled]
   polearms           [Unskilled]
   spear              [Basic]
   trident            [Unskilled]
   lance              [Unskilled]
   sling              [Unskilled]
 Spellcasting Skills
   attack spells      [Unskilled]
   escape spells      [Unskilled]

Voluntary challenges:
 Character rerolling was not enabled.
 You were an atheist.
 You never genocided any monsters.
 You never polymorphed an object.
 You never changed form.
 You used no wishes.
Achievements:
 You entered a shop.
 You entered the Gnomish Mines.

 The Dungeons of Doom: levels 1 to 4
    Level 1:
       Many fountains.
    Level 2:
       A general store, a fountain.
    Level 3:
       A fountain.
    Level 4:
       Stairs down to The Gnomish Mines.
 The Gnomish Mines: levels 5 to 8
    Level 5:
    Level 8: <- You were here.
       Final resting place for
          you, killed by a giant spider.


Vanquished creatures:
  2 orc zombies
 an acid blob
  4 gnomes
  3 geckos
  3 jackals
  2 goblins
  2 sewer rats
  a grid bug
  a lichen
  a kobold zombie
  7 newts
27 creatures vanquished.

No species were genocided or became extinct.

Game over:
                       ----------
                      /          \
                     /    REST    \
                    /      IN      \
                   /     PEACE      \
                  /                  \
                  |     Anarchos     |
                  |      69 Au       |
                  |   killed by a    |
                  |   giant spider   |
                  |                  |
                  |                  |
                  |       2026       |
                 *|     *  *  *      | *
        _________)/\\_//(\/(/\)/\//\/|_)_______

Farvel Anarchos the Valkyrie...

You died in The Gnomish Mines on dungeon level 8 with 569 points,
and 69 pieces of gold, after 1241 moves.
You were level 2 with a maximum of 28 hit points when you died.

